 Dungeon Crawl Stone Soup version 0.24-a0-530-g18ba70b503 (webtiles) character file.

Game seed: 17686366762551765444

93 DavidChitty2 the Conjurer (level 4, 0/36 HPs)
             Began as a Draconian Conjurer on Aug 8, 2019.
             Was an Initiate of Vehumet.
             Killed by divine providence
             ... invoked by an orc priest
              (13 damage)
             ... on level 3 of the Dungeon.
             The game lasted 00:06:41 (3384 turns).

DavidChitty2 the Conjurer (Draconian Conjurer)      Turns: 3384, Time: 00:06:41

Health: 0/36       AC:  5    Str: 10    XL:     4   Next: 37%
Magic:  1/8        EV: 12    Int: 17    God:    Vehumet [......]
Gold:   70         SH:  0    Dex: 11    Spells: 5/8 levels left

rFire    . . .     SeeInvis .   a - +1 dagger
rCold    . . .     Gourm    .   (no shield)
rNeg     . . .     Faith    .   (armour unavailable)
rPois    .         Spirit   .   (helmet restricted)
rElec    .         Reflect  .   (no cloak)
rCorr    .         Harm     .   (no gloves)
MR       .....                  (no boots)
Stlth    ++........             (no amulet)
HPRegen  0.12/turn              (no ring)
MPRegen  0.11/turn              (no ring)

@: no status effects
A: unfitting armour, cold-blooded, AC +5
a: Renounce Religion


You were on level 3 of the Dungeon.
You worshipped Vehumet.
Vehumet was noncommittal.
You were very hungry.

You visited 1 branch of the dungeon, and saw 3 of its levels.

You collected 70 gold pieces.

Inventory:

Hand Weapons
 a - a +1 dagger (weapon)
   (You took it off a goblin on level 2 of the Dungeon)
Missiles
 h - 185 stones (quivered)
Scrolls
 n - a scroll of enchant weapon
Potions
 c - 2 potions of heal wounds {@q2}
 d - a potion of haste {@q3}
 f - a potion of magic {unknown}
 l - a potion of flight
 m - a potion of berserk rage {unknown}
Comestibles
 e - 5 rations {!d}


   Skills:
 + Level 2.0 Fighting
 - Level 1.7 Dodging
 - Level 1.7 Stealth
 + Level 2.7 Spellcasting
 * Level 5.0 Conjurations


You had 5 spell levels left.
You knew the following spells:

 Your Spells              Type           Power        Failure   Level  Hunger
a - Magic Dart            Conj           ###.         2%          1    #......
s - Searing Ray           Conj           ###...       3%          2    ##.....

Your spell library contained the following spells:

 Spells                   Type           Power        Failure   Level  Hunger
 Dazzling Spray           Conj/Hex       ##....       19%         3    ###....
 Iskenderun's Mystic Bla  Conj           ###.....     22%         4    #####..
 Force Lance              Conj/Tloc      ##......     54%         4    #####..
 Fulminant Prism          Conj/Hex       ##........   54%         4    #####..


Dungeon Overview and Level Annotations

Branches:
Dungeon (3/15)

Altars:
Vehumet

Annotations:
D:2 1 runed translucent door, Crazy Yiuf


Innate Abilities, Weirdness & Mutations

Your plain brown scales are hard. (AC +5)
You cannot fit into any form of body armour.
You are cold-blooded and may be slowed by cold attacks.


Message History

* * * LOW HITPOINT WARNING * * *
You climb upwards.
Level annotation: 1 runed translucent door, Crazy Yiuf
There is a stone staircase leading down here.
You start resting.
You start resting.
You are feeling very hungry.
You start resting.
You climb downwards.
The orc priest hits you with a +0 whip.
There is a stone staircase leading up here.
Aim: an orc priest, wielding a +0 whip and wearing a +0 chain mail The magic dart hits the orc priest but does no damage.
The orc priest closely misses you.
Aim: an orc priest, wielding a +0 whip and wearing a +0 chain mail The magic dart hits the orc priest but does no damage.
The orc priest mumbles some strange prayers to Beogh against you.
Pain shoots through your body!
Aim: an orc priest, wielding a +0 whip and wearing a +0 chain mail The magic dart hits the orc priest but does no damage.
The orc priest hits you with a +0 whip.
Aim: an orc priest, wielding a +0 whip and wearing a +0 chain mail The magic dart hits the orc priest but does no damage.
The orc priest mumbles some strange prayers to Beogh against you.
Beogh smites you!
* * * LOW HITPOINT WARNING * * *
Aim: an orc priest, wielding a +0 whip and wearing a +0 chain mail The magic dart hits the orc priest but does no damage.
The orc priest misses you.
Aim: an orc priest, wielding a +0 whip and wearing a +0 chain mail The magic dart hits the orc priest but does no damage.
The orc priest hits you with a +0 whip.
* * * LOW HITPOINT WARNING * * *
Here: an orc priest, wielding a +0 whip and wearing a +0 chain mail A +0 flail.
The floor.
Unknown command.
Aim: an orc priest, wielding a +0 whip and wearing a +0 chain mail The magic dart hits the orc priest but does no damage.
The orc priest barely misses you.
Aim: an orc priest, wielding a +0 whip and wearing a +0 chain mail The magic dart hits the orc priest.
The orc priest miscasts a cantrip.
You hit the orc priest but do no damage.
The orc priest hits you with a +0 whip.
* * * LOW HITPOINT WARNING * * *
You hit the orc priest but do no damage.
You tail-slap the orc priest.
The orc priest mumbles some strange prayers to Beogh against you.
Beogh smites you!
You die...

*####### ##......## #####
##........## ######...#
#$.........# .....#...#
#..........# .....[<..#
#..........# .......(.#
#..........# .........#
#.<........#
.........#####.o@.....#*
..o......##......)....##
..o.........#..........#
........##.............#
................รท$.....#
,,,,,,,,*##............#
*,,,,,,,,....>.........#
,,,******...#.........##
,,,,*,,,,...#.#......##


You could see an orc priest.

Vanquished Creatures
  Jessica (D:3)
  An adder (D:2)
  4 worms
  A dart slug (D:2)
  A leopard gecko (D:2)
  2 orcs
  A giant cockroach (D:1)
  7 goblins
  6 hobgoblins
  7 kobolds
  A ball python (D:2)
  6 bats
  A frilled lizard (D:2)
  7 rats
46 creatures vanquished.

Notes
Turn   | Place    | Note
-------+----------+-------------------------------------------
     0 | D:1      | DavidChitty2 the Draconian Conjurer began the quest for the
                  | Orb.
     0 | D:1      | Reached XP level 1. HP: 14/14 MP: 3/3
   355 | D:1      | Reached XP level 2. HP: 22/22 MP: 1/5
   648 | D:1      | Reached skill level 1 in Fighting
  1103 | D:2      | Reached XP level 3. HP: 28/28 MP: 2/6
  1211 | D:2      | Found a radiant altar of Vehumet.
  1227 | D:2      | Became a worshipper of Vehumet
  1568 | D:2      | HP: 1/28 [worm (9)]
  1927 | D:2      | Learned a level 2 spell: Searing Ray
  2564 | D:2      | Found a runed translucent door.
  2565 | D:2      | Noticed Crazy Yiuf
  2898 | D:3      | Noticed Jessica
  2949 | D:3      | Killed Jessica
  2949 | D:3      | Reached skill level 5 in Conjurations
  2949 | D:3      | Reached XP level 4. HP: 34/36 MP: 0/8
  3384 | D:3      | Killed from afar by an orc priest

Levels and vault maps discovered:
D:1:      lemuel_arrival_cross, layout_rooms, minmay_misc_feat_rows,
          minmay_misc_feat_ornament, hangedman_feature_mirror
D:2:      layout_basic, fiery_altar_vehumet, uniq_crazy_yiuf_cottage
D:3:      layout_rooms, uniq_jessica

Skill      XL: |  1  2  3 |
---------------+----------+-----
Fighting       | 1 2 |  2.0
Conjurations   | 5 |  5.0
Dodging        | |  1.7
Stealth        | |  1.7
Spellcasting   | |  2.7

Action                   |  1- 3 |  4- 6 || total
-------------------------+-------+-------++-------
Melee: Dagger            |     7 |     2 ||     9
       Tailslap          |     1 |     1 ||     2
 Cast: Magic Dart        |   121 |    21 ||   142
  Use: Scroll            |    10 |       ||    10
  Eat: Chunk             |     6 |     2 ||     8
Armor: Skin              |     6 |     1 ||     7
Dodge: Dodged            |    13 |     5 ||    18

Table legend:
 A = Non-vault XP
 B = Vault XP
 C = Vault XP percentage of total XP
 D = Non-vault monster count
 E = Vault monster count
 F = Vault count percentage of total count
                 A         B        C        D         E       F
            +---------+---------+-------+---------+---------+-------
      Total |      89 |      45 |  33.6 |      39 |       7 |  15.2
            +---------+---------+-------+---------+---------+-------
        D:1 |      18 |       8 |  30.8 |      12 |       6 |  33.3
        D:2 |      60 |       0 |   0.0 |      23 |       0 |   0.0
        D:3 |      11 |      37 |  77.1 |       4 |       1 |  20.0
            +---------+---------+-------+---------+---------+-------
